 Dungeon Crawl Stone Soup version 0.30-a0-414-gcb316572d5 (webtiles) character file.

Game seed: 5604080444077219620

46 McMuffin the Digger (level 3, 0/19 HPs)
             Began as a Gargoyle Earth Elementalist on Dec 8, 2022.
             Slain by a gnoll
             ... wielding a +0 halberd
              (12 damage)
             ... on level 3 of the Dungeon.
             The game lasted 00:04:27 (514 turns).

McMuffin the Digger (Gargoyle Earth Elementalist)    Turns: 514, Time: 00:04:28

Health: 0/19       AC:  9    Str: 11    XL:     3   Next: 68%
Magic:  2/6        EV: 12    Int: 17    God:
Gold:   57         SH:  0    Dex: 10    Spells: 4/6 levels left

rFire   . . .      SeeInvis .    i - +1 dagger (vamp)
rCold   . . .      Faith    .    (no shield)
rNeg    + . .      Spirit   .    a - +0 robe
rPois   ∞          Reflect  .    (no helmet)
rElec   +          Harm     .    (no cloak)
rCorr   .          Rampage  .    (no gloves)
Will    .....                    (no boots)
Stlth   ++........               (no amulet)
HPRegen 0.23/turn                h - +4 ring of protection
MPRegen 0.10/turn                (no ring)

@: no status effects
A: sickness immunity, AC +3, negative energy resistance 1, electricity
resistance, torment resistance 1, petrification resistance
a: no special abilities


You were on level 3 of the Dungeon.
You visited 1 branch of the dungeon, and saw 3 of its levels.

You collected 57 gold pieces.

Inventory:

Hand Weapons
 d - a +0 dagger
 e - a +0 short sword
 i - a +1 vampiric dagger (weapon)
Armour
 a - a +0 robe (worn)
 k - a +0 ring mail
Jewellery
 h - a +4 ring of protection (left hand)
Scrolls
 c - 2 scrolls of identify {unknown}
 f - 2 scrolls of blinking {unknown}
Potions
 b - a potion of magic
 g - 2 potions of flight {unknown}
 j - 2 potions of haste {unknown}


   Skills:
 + Level 1.6 Dodging
 + Level 2.4 Stealth
 + Level 2.3 Spellcasting
 + Level 1.0 Transmutations
 + Level 4.9 Earth Magic


You had 4 spell levels left.
You knew the following spells:

 Your Spells              Type           Power      Damage    Failure   Level
a - Sandblast             Erth           36%        2d10      2%          1
b - Freeze                Ice            4%         1d3       19%         1

Your spell library contained the following spells:

 Spells                   Type           Power      Damage    Failure   Level
 Passwall                 Tmut/Erth      10%        N/A       9%          2
 Stone Arrow              Conj/Erth      20%        3d8       21%         3
 Frozen Ramparts          Ice            2%         1d1       50%         3
 Hailstorm                Conj/Ice       1%         3d3       50%         3
 Petrify                  Tmut/Erth      12%        N/A       50%         4


Dungeon Overview and Level Annotations

Branches:
Dungeon (2/15)

Altars:


Innate Abilities, Weirdness & Mutations

You are immune to sickness and miasma.
Your stone body is resilient. (AC +3)
You are immune to poison.
You resist negative energy. (rN+)
You are resistant to electric shocks. (rElec)
You are resistant to unholy torment.
You are immune to petrification.


Message History

You finish memorising.
Spell assigned to 'b'. 2 gnolls come into view.
The gnoll shouts!
A gnoll comes into view. It is wielding a +0 club.
The gnoll shouts! x2
A gnoll comes into view. It is wielding a +0 halberd.
Aiming: Sandblast (safe; 2% risk of failure)
Press: ? - help, Q - select action, (/) - cycle Shift-Dir - straight line, f - gnoll
Aim: a gnoll, wielding a +0 club (84% to hit)
The blast of sand hits the gnoll!
The gnoll is severely wounded.
Aiming: Sandblast (safe; 2% risk of failure)
Press: ? - help, Q - select action, (/) - cycle Shift-Dir - straight line, f/p - gnoll
Aim: a gnoll, wielding a +0 club (heavily wounded, 84% to hit)
The blast of sand hits the gnoll!
You kill the gnoll!
Aiming: Sandblast (safe; 2% risk of failure)
Press: ? - help, Q - select action, (/) - cycle Shift-Dir - straight line, f - gnoll
Aim: a gnoll, wielding a +0 halberd (84% to hit)
The blast of sand hits the gnoll!
You kill the gnoll!
Aiming: Sandblast (safe; 2% risk of failure)
Press: ? - help, Q - select action, (/) - cycle Shift-Dir - straight line, f - gnoll
Aim: a gnoll, wielding a +0 halberd (84% to hit)
The blast of sand hits the gnoll but does no damage.
The gnoll closely misses you.
Aiming: Sandblast (safe; 2% risk of failure)
Press: ? - help, Q - select action, (/) - cycle Shift-Dir - straight line, f/p - gnoll
Aim: a gnoll, wielding a +0 halberd (84% to hit)
The blast of sand hits the gnoll!
The gnoll is severely wounded.
The gnoll hits you from afar with a +0 halberd.
The gnoll hits you with a +0 halberd.
An orc comes into view. It is wielding a +0 short sword.
The orc shouts!
You hit the gnoll.
The gnoll is severely wounded.
The gnoll hits you with a +0 halberd!
Ouch! That really hurt!
You die...

# .........##..#.#
#................
. .#.#..##...#..#
#.# .# #
..#..##...#..#..
.#
#.#.#..##.......
.###.#.#..###..#.#
.................#
.#####.#..##..##.#
.# #.#..##..##@#
.#####.##.##..##g#
.............###g#
.#####.##.##.# #.#
.# #.##.##.# #.#
.#####.##.##.# #.#
........ ..o
######.# #.# ###


You could see 2 gnolls and an orc.

Vanquished Creatures
  2 gnolls (D:3)
  An adder (D:2)
  3 ball pythons (D:1)
  An endoplasm (D:1)
  2 giant cockroaches
  A goblin (D:2)
  2 hobgoblins
  2 kobolds (D:1)
  2 bats (D:1)
  3 rats (D:1)
19 creatures vanquished.

Notes
Turn   | Place    | Note
-------+----------+-------------------------------------------
     0 | D:1      | McMuffin the Gargoyle Earth Elementalist began the quest
                  | for the Orb.
     0 | D:1      | Reached XP level 1. HP: 10/10 MP: 3/3
    64 | D:1      | Reached skill level 1 in Transmutations
   101 | D:1      | Reached skill level 4 in Earth Magic
   107 | D:1      | Reached XP level 2. HP: 15/15 MP: 0/5
   328 | D:2      | Reached XP level 3. HP: 17/19 MP: 3/6
   429 | D:2      | You fall into a shaft and drop 1 floor!
   464 | D:3      | Learned a level 1 spell: Freeze
   514 | D:3      | Slain by a gnoll

Illustrated notes

Levels and vault maps discovered:
D:1:      arrival_zaba_pyramid, layout_basic
D:2:      minmay_diamond_boxcup, layout_loops_ring
D:3:      layout_basic

Skill      XL: |  1 |
---------------+----+-----
Transmutations | 1 |  1.0
Earth Magic    | 4 |  4.9
Dodging        | |  1.6
Stealth        | |  2.4
Spellcasting   | |  2.3

Action                   || total
-------------------------++-------
Melee: Unarmed           ||     1
       Short sword       ||    21
       Punch             ||     1
       Dagger            ||    28
 Cast: Sandblast         ||    34
Armor: Robe              ||    27
Dodge: Dodged            ||    47

Table legend: (Time is in decaauts)
 A = Elapsed time spent in this place.
 B = Non-inter-level travel time spent in this place.
 C = Inter-level travel time spent in this place.
 D = Time resting spent in this place.
 E = Time spent auto-exploring this place.
 F = Levels seen in this place.
 G = Mean time per level.
                   A        B        C        D        E       F      G
               +--------+--------+--------+--------+--------+-----+--------+
         Total |    528 |    511 |     17 |      0 |      0 |   3 |  176.0 |
       Dungeon |    528 |    511 |     17 |      0 |      0 |   3 |  176.0 |
               +--------+--------+--------+--------+--------+-----+--------+

Top non-repeatable levels by time:
     D:1: 297 daAuts
     D:2: 143 daAuts
     D:3: 87 daAuts
